[Event "Titled Tuesday Blitz April 05 Late 2022"]
[White "Dreev, Aleksey"]
[Black "Morris-Suzuki, Sophie"]
[WhiteFideId "4100107"]
[BlackFideId "30922615"]
[WhiteElo "2625"]
[BlackElo "2505"]
[Result "1-0"]
[Round "01"]
[TimeControl "180+1"]
[Date "2022.04.05"]
[WhiteClock "0:00:15"]
[BlackClock "0:00:15"]

1. d4 Nf6 2. c4 e6 3. Nc3 d5 4. Nf3 Be7 5. Qc2 O-O 6. cxd5 exd5 7. Bg5 c6 8. e3 Nbd7 9. Bd3 Re8 10. h3 Nf8 11. Bf4 Ng6 12. Bh2 Bd6 13. Bxd6 Qxd6 14. O-O-O a5 15. Kb1 a4 16. Nxa4 Ne4 17. Nc5 f5 18. h4 b6 19. Nb3 c5 20. h5 Ne7 21. Bb5 Rd8 22. dxc5 bxc5 23. h6 c4 24. Nbd4 c3 25. hxg7 cxb2 26. Qxb2 Ra3 27. Rc1 Ba6 28. Nc6 Bxb5 29. Rh6 Bd3+ 30. Ka1 Qxh6 31. Nxe7+ Kf7 32. g8=Q+ Rxg8 33. Nxg8 Qa6 34. Nh6+ Kg6 35. Ne5+ Kxh6 36. Rh1+ Kg7 37. Nxd3+ Nc3 38. Nb4 Qa4 39. Rc1 Qxb4 40. Rc2 Rxa2+ 41. Qxa2 Nxa2 42. Kxa2 Qa4+ 43. Kb2 Qe4 44. g3 Qf3 45. Rd2 Qe4 46. Rd4 Qf3 47. Rf4 Qe2+ 48. Kc3 Kf6 49. Kb3 Qd1+ 50. Kc3 Qc1+ 51. Kd3 Qb1+ 52. Ke2 Qc2+ 53. Kf3 Ke5 54. Rd4 Qc1 55. Kg2 Qe1 56. Rh4 Qd1 57. Rxh7 d4 58. exd4+ Qxd4 59. Rh4 Qd5+ 60. Kg1 Qd1+ 61. Kg2 Qd5+ 62. Kg1 Qc5 63. Rf4 Qc1+ 64. Kg2 Qc6+ 65. Kg1 Qc1+ 66. Kg2 Qc7 67. Kg1 Qb7 68. Kh2 Qh7+ 69. Kg2 Qh5 70. Kg1 Qh3 71. Rh4 Qxh4 72. gxh4 Kf4 73. f3 Ke5 74. Kf2 f4 75. Ke2 Kf5 76. Kd3 Ke5 77. Kc4 Kf5 78. Kd4 Kg6 79. Ke4 Kh5 80. Kxf4 Kxh4 81. Ke5 Kg5 82. f4+ Kg6 83. Ke6 Kg7 84. f5 Kf8 85. Kf6 Ke8 86. Kg7 Ke7 87. f6+ Ke8 88. f7+ Ke7 89. f8=Q+ Ke6 90. Qf7+ Ke5 91. Kg6 Ke4 92. Qc4+ Ke3 93. Kf5 Kd2 94. Qb3 Kc1 95. Qa2 Kd1 96. Ke4 Kc1 97. Kd3 Kd1 98. Qa1# 1-0


[Site "https://www.chess.com"]

[Event "Titled Tuesday Blitz April 05 Late 2022"]
[White "Estrada Nieto, Julian"]
[Black "Dimakiling, Oliver"]
[WhiteFideId "5101018"]
[BlackFideId "5202248"]
[WhiteElo "2252"]
[BlackElo "2426"]
[Result "1-0"]
[Round "01"]
[TimeControl "180+1"]
[Date "2022.04.06"]
[WhiteClock "0:00:29"]
[BlackClock "0:00:36"]

1. e4 g6 2. d4 Bg7 3. Nc3 d6 4. Nf3 a6 5. a4 b6 6. Be2 Nd7 7. O-O Bb7 8. Re1 e5 9. Bc4 Ngf6 10. dxe5 dxe5 11. Qe2 O-O 12. Bg5 h6 13. Bh4 g5 14. Bg3 Nh5 15. Rad1 Qe8 16. Nd5 Nxg3 17. hxg3 Qd8 18. Nh2 b5 19. axb5 axb5 20. Bb3 c6 21. Ne3 Qc7 22. Nf5 Nc5 23. Qh5 Nxb3 24. cxb3 Rad8 25. Nxh6+ Bxh6 26. Qxh6 f6 27. Ng4 Qg7 28. Qh5 Rfe8 29. Rd7 Qxd7 30. Nxf6+ Kf8 31. Nxd7+ Rxd7 32. Qxg5 Rf7 33. Rd1 c5 34. f3 c4 35. bxc4 bxc4 36. Rd6 Bc8 37. Qh6+ Ke7 38. Rc6 Bd7 39. Qd6+ Kd8 40. Rc7 Re6 41. Rxd7+ Rxd7 42. Qxe6 Rd1+ 43. Kh2 Rd2 44. Qxe5 Kd7 45. g4 c3 46. bxc3 Rc2 47. g5 1-0


[Site "https://www.chess.com"]

[Event "Titled Tuesday Blitz April 05 Late 2022"]
[White "Ezat, Mohamed"]
[Black "Johnson, Ben"]
[WhiteFideId "10600906"]
[BlackFideId "2010917"]
[WhiteElo "2386"]
[BlackElo "2154"]
[Result "1-0"]
[Round "01"]
[TimeControl "180+1"]
[Date "2022.04.06"]
[WhiteClock "0:02:03"]
[BlackClock "0:00:16"]

1. d4 Nf6 2. c4 e6 3. Nc3 Bb4 4. e3 O-O 5. a3 Bxc3+ 6. bxc3 b6 7. Bd3 Ba6 8. e4 c5 9. f4 d6 10. Nf3 Nc6 11. e5 Ne8 12. Be3 g6 13. h4 h5 14. g4 Ng7 15. f5 exf5 16. gxf5 dxe5 17. dxe5 Nxf5 18. Bxf5 Qxd1+ 19. Rxd1 gxf5 20. Rg1+ Kh7 21. Rd6 Rg8 22. Rh6# 1-0


[Site "https://www.chess.com"]

[Event "Titled Tuesday Blitz April 05 Late 2022"]
[White "Fajdetic, Hrvoje"]
[Black "Harshavardhan G B"]
[WhiteFideId "14501945"]
[BlackFideId "25059009"]
[WhiteElo "2172"]
[BlackElo "1831"]
[Result "0-1"]
[Round "01"]
[TimeControl "180+1"]
[Date "2022.04.06"]
[WhiteClock "0:00:42"]
[BlackClock "0:01:48"]

1. d4 Nf6 2. Bf4 c5 3. e3 Qb6 4. Na3 d5 5. Nb5 Na6 6. c3 Bd7 7. a4 e6 8. Nf3 c4 9. b3 cxb3 10. Qxb3 Ne4 11. Ne5 Bc6 12. f3 Nf6 13. a5 Qd8 14. g4 Be7 15. h4 O-O 16. h5 Nd7 17. Nxc6 bxc6 18. Nd6 Ndc5 19. dxc5 Nxc5 20. Qa3 Bxd6 21. Bxd6 Qxd6 22. Kf2 Rab8 23. Be2 Rb7 24. Rab1 Rxb1 25. Rxb1 Ne4+ 0-1


[Site "https://www.chess.com"]

[Event "Titled Tuesday Blitz April 05 Late 2022"]
[White "Fiedorek, Michal"]
[Black "Chyngyz, Sultai"]
[WhiteFideId "1199528"]
[BlackFideId "13803158"]
[WhiteElo "1833"]
[BlackElo "1365"]
[Result "1-0"]
[Round "01"]
[TimeControl "180+1"]
[Date "2022.04.06"]
[WhiteClock "0:00:55"]
[BlackClock "0:00:16"]

1. e4 c5 2. Nf3 d6 3. Bb5+ Nd7 4. Ba4 Nf6 5. O-O g6 6. d4 Nxe4 7. Re1 Nf6 8. dxc5 dxc5 9. Nc3 Bg7 10. Nd5 e6 11. Nxf6+ Qxf6 12. Bg5 Qf5 13. Qd6 Bf6 14. Ne5 Bxg5 15. Bxd7+ Bxd7 16. Qxd7+ Kf8 17. Qxb7 Kg7 18. Rad1 Rhd8 19. g4 Qf6 20. Rd7 Rxd7 21. Nxd7 Qd8 22. Nxc5 Rb8 23. Nxe6+ 1-0


[Site "https://www.chess.com"]

[Event "Titled Tuesday Blitz April 05 Late 2022"]
[White "Girsh, Daniel"]
[Black "Tregubov, Pavel V."]
[WhiteFideId "30949190"]
[BlackFideId "4115341"]
[WhiteElo "2295"]
[BlackElo "2341"]
[Result "1-0"]
[Round "01"]
[TimeControl "180+1"]
[Date "2022.04.06"]
[WhiteClock "0:00:04"]
[BlackClock "0:00:09"]

1. e4 e5 2. Nf3 Nf6 3. Nxe5 d6 4. Nf3 Nxe4 5. d4 d5 6. Bd3 Bd6 7. O-O O-O 8. c4 c6 9. Re1 Bf5 10. Nc3 Nxc3 11. bxc3 Bxd3 12. Qxd3 dxc4 13. Qxc4 Nd7 14. Bg5 Qc7 15. Rab1 Rfe8 16. Bh4 h6 17. Bg3 b5 18. Qd3 a6 19. Qf5 c5 20. d5 Bxg3 21. hxg3 Qd6 22. g4 Nb6 23. Rbd1 Rxe1+ 24. Nxe1 Re8 25. Nc2 Re5 26. Qf3 Rxd5 27. Re1 Re5 28. Ne3 Qe6 29. Rd1 Nc4 30. Rd8+ Kh7 31. Nf5 Re1+ 32. Kh2 Ne5 33. Qf4 Qg6 34. Rd6 Qxg4 35. Rxh6+ Kg8 36. Ne7+ Kf8 37. Ng6+ Ke8 38. Rh8+ Kd7 39. Nxe5+ Rxe5 40. Qxg4+ Kc6 41. Qxg7 1-0


[Site "https://www.chess.com"]

[Event "Titled Tuesday Blitz April 05 Late 2022"]
[White "Gledura, Benjamin"]
[Black "Federzoni, Enzo"]
[WhiteFideId "712779"]
[BlackFideId "2173301"]
[WhiteElo "2326"]
[BlackElo "1956"]
[Result "1-0"]
[Round "01"]
[TimeControl "180+1"]
[Date "2022.04.06"]
[WhiteClock "0:01:02"]
[BlackClock "0:00:02"]

1. d4 Nf6 2. Nf3 g6 3. c3 Bg7 4. Bg5 d5 5. Nbd2 O-O 6. e3 Nbd7 7. Be2 h6 8. Bh4 Re8 9. O-O e5 10. b4 e4 11. Ne1 g5 12. Bg3 Nf8 13. c4 c6 14. b5 N6h7 15. Nc2 f5 16. bxc6 bxc6 17. Nb4 f4 18. exf4 gxf4 19. Bxf4 Qf6 20. Be3 a5 21. Nc2 Ng5 22. Rb1 Ng6 23. Kh1 Nf4 24. Bg4 Ba6 25. Rb6 Reb8 26. Qb1 Rxb6 27. Qxb6 dxc4 28. Bxf4 Qxf4 29. Qxc6 Rf8 30. Ne3 c3 31. Ndc4 Bxc4 32. Qxc4+ Kh8 33. Qxc3 h5 34. Be2 Ne6 35. Qxa5 Nxd4 36. Qxh5+ Qh6 37. Qxh6+ Bxh6 38. Bc4 Rc8 39. Bd5 Rc5 40. Bxe4 Ra5 41. Bb1 Ra3 42. h3 Bxe3 43. fxe3 Rxe3 44. Rd1 Ne2 45. Kh2 Nf4 46. Rd2 Kg7 47. a4 Ra3 48. Ra2 Rb3 49. Be4 Ne6 50. a5 Nc5 51. a6 Rb8 52. a7 1-0


[Site "https://www.chess.com"]

[Event "Titled Tuesday Blitz April 05 Late 2022"]
[White "Goltsev, Dmitry"]
[Black "Kostiukov, Alexandr"]
[WhiteFideId "24176710"]
[BlackFideId "14108100"]
[WhiteElo "2273"]
[BlackElo "2202"]
[Result "0-1"]
[Round "01"]
[TimeControl "180+1"]
[Date "2022.04.06"]
[WhiteClock "0:01:39"]
[BlackClock "0:00:04"]

1. e4 c5 2. Nf3 g6 3. d4 cxd4 4. Qxd4 Nf6 5. Nc3 Nc6 6. Qe3 d6 7. a3 Bg7 8. h3 O-O 9. Be2 d5 10. exd5 Nxd5 11. Nxd5 Qxd5 12. O-O Bf5 13. Rd1 Qe6 14. c3 Rad8 15. Bd2 Qxe3 16. Bxe3 Bc2 17. Rd2 Rxd2 18. Nxd2 Rd8 19. Kf1 b6 20. Rc1 Bf5 21. Nc4 Ne5 22. Nxe5 Bxe5 23. Rd1 Rxd1+ 24. Bxd1 Kf8 25. Be2 Ke8 26. Bb5+ Bd7 27. Bxd7+ Kxd7 28. Ke2 Kc6 29. Kd3 f5 30. f4 Bf6 31. g3 a6 32. b3 b5 33. c4 e5 34. cxb5+ Kxb5 35. fxe5 Bxe5 36. Bf4 Bb2 37. a4+ Kb4 38. Kc2 Bd4 39. Bd6+ Bc5 40. Be5 Be3 41. Bc3+ Kc5 42. Kd3 Bf2 43. b4+ Kc6 44. Be5 Kd5 45. Bc7 h5 46. Ke2 Bd4 47. Kf3 g5 48. Bd8 g4+ 49. Kg2 Kc4 50. Be7 Bc3 51. h4 Bxb4 52. Bd8 Bd6 53. Kf2 f4 54. gxf4 Bxf4 55. Bb6 Kb4 56. a5 Kb5 57. Bd8 Bd2 58. Kg3 Bxa5 59. Be7 Bc7+ 60. Kf2 a5 61. Ke3 a4 62. Ke4 Ba5 63. Kf4 Bd2+ 64. Kf5 g3 65. Bd6 g2 66. Bh2 a3 67. Kg6 a2 68. Kxh5 a1=Q 69. Bd6 g1=Q 70. Bg3 Qh8+ 71. Kg4 Qxg3+ 72. Kxg3 Kc4 73. Kg4 Kd3 74. Kg3 Ke4 75. Kg2 Qxh4 76. Kf1 Kf3 77. Kg1 Qg3+ 78. Kh1 Qg2# 0-1


[Site "https://www.chess.com"]

[Event "Titled Tuesday Blitz April 05 Late 2022"]
[White "Golubev, Mikhail"]
[Black "Lashkin, Jegor"]
[WhiteFideId "14100983"]
[BlackFideId "13907808"]
[WhiteElo "2374"]
[BlackElo "2368"]
[Result "0-1"]
[Round "01"]
[TimeControl "180+1"]
[Date "2022.04.06"]
[WhiteClock "0:01:02"]
[BlackClock "0:00:54"]

1. e4 c5 2. Nf3 d6 3. d4 cxd4 4. Nxd4 Nf6 5. Nc3 a6 6. Bc4 e6 7. O-O b5 8. Bb3 Be7 9. f4 Bb7 10. Be3 b4 11. e5 bxc3 12. exf6 Bxf6 13. Ba4+ Nd7 14. b3 O-O 15. f5 e5 16. Nc6 Qc7 17. Nb4 Nb6 18. Rb1 d5 19. Qg4 e4 20. Rbd1 a5 21. Bd4 Bxd4+ 22. Rxd4 Qc5 23. Rd1 axb4 24. f6 g6 25. Kh1 Nxa4 26. Qg5 Ra6 27. bxa4 Re8 28. h4 e3 29. Rg4 e2 0-1


[Site "https://www.chess.com"]

[Event "Titled Tuesday Blitz April 05 Late 2022"]
[White "Goryachkina, Aleksandra"]
[Black "Rytenko, Vsevolod"]
[WhiteFideId "4147103"]
[BlackFideId "14133040"]
[WhiteElo "2426"]
[BlackElo "2120"]
[Result "1/2-1/2"]
[Round "01"]
[TimeControl "180+1"]
[Date "2022.04.06"]
[WhiteClock "0:00:08"]
[BlackClock "0:00:17"]

1. e4 c5 2. Nf3 d6 3. c3 Nf6 4. Be2 Nc6 5. d4 d5 6. exd5 Qxd5 7. Na3 cxd4 8. Nb5 Qd8 9. Nbxd4 Nxd4 10. Nxd4 e6 11. O-O Bd7 12. Bf3 Qc7 13. Qb3 Rb8 14. g3 a6 15. Bf4 Bd6 16. Bxd6 Qxd6 17. Rad1 Qc7 18. Rd2 O-O 19. Rfd1 e5 20. Nc2 e4 21. Bg2 Bg4 22. Re1 Rbd8 23. Rxd8 Rxd8 24. Nd4 Re8 25. h3 Bc8 26. g4 h6 27. Qc2 Qf4 28. Re3 h5 29. gxh5 Qg5 30. Qe2 Bf5 31. Rg3 Qc1+ 32. Kh2 Qf4 33. Qe3 Qxe3 34. Rxe3 Bh7 35. Nb3 Nxh5 36. f3 Nf4 37. fxe4 Nxg2 38. Kxg2 Rxe4 39. Rxe4 Bxe4+ 40. Kg3 Bd5 41. Nc5 f6 42. b3 Kf7 43. c4 Bc6 44. h4 a5 45. Kf4 b6 46. Nd3 Ke6 47. Nc1 Be8 48. Ne2 Bg6 49. a3 Kd6 50. Nd4 Bf7 51. Nf5+ Kc5 52. Nxg7 a4 53. bxa4 Kxc4 54. h5 Kb3 55. h6 Bg6 56. Ne8 Kxa4 57. Nxf6 Kxa3 58. Nd5 b5 59. Kg5 Be4 60. Kf6 b4 61. Nxb4 Kxb4 62. Kg7 Bd3 63. h7 Bxh7 1/2-1/2


[Site "https://www.chess.com"]

[Event "Titled Tuesday Blitz April 05 Late 2022"]
[White "Gu, Xiaobing"]
[Black "Papp, Levente"]
[WhiteFideId "8602611"]
[BlackFideId "751243"]
[WhiteElo "2174"]
[BlackElo "2308"]
[Result "0-1"]
[Round "01"]
[TimeControl "180+1"]
[Date "2022.04.06"]
[WhiteClock "0:00:03"]
[BlackClock "0:02:55"]

1. e4 e6 2. d4 d5 3. exd5 exd5 4. Nf3 Nc6 5. Bb5 Bd6 6. O-O Ne7 7. Re1 O-O 8. c4 a6 9. Bxc6 Nxc6 10. cxd5 Ne7 11. Nc3 Bg4 12. h3 Bh5 13. Qd3 Bg6 0-1


[Site "https://www.chess.com"]

[Event "Titled Tuesday Blitz April 05 Late 2022"]
[White "Hamidi, Amir Mohammad"]
[Black "Boskovic, Drasko"]
[WhiteFideId "12563285"]
[BlackFideId "927368"]
[WhiteElo "2273"]
[BlackElo "2388"]
[Result "1/2-1/2"]
[Round "01"]
[TimeControl "180+1"]
[Date "2022.04.06"]
[WhiteClock "0:00:11"]
[BlackClock "0:00:07"]

1. d4 Nf6 2. Nf3 d6 3. g3 g6 4. Bg2 Bg7 5. O-O O-O 6. b3 e5 7. dxe5 Ng4 8. Bb2 Nxe5 9. Qc1 Nxf3+ 10. exf3 Nc6 11. c4 Bf5 12. Nc3 Re8 13. Qd2 Qd7 14. Nd5 Qd8 15. Rfe1 Be6 16. Nc3 Qf6 17. f4 Rad8 18. Rab1 Qd4 19. Qc1 Qd3 20. Re3 Qf5 21. Qd2 Qh5 22. Ne4 Qf5 23. Bxg7 Kxg7 24. Qc3+ f6 25. g4 Qxf4 26. g5 Ne5 27. Nxf6 Rf8 28. Rg3 Rxf6 29. gxf6+ Qxf6 30. Rf1 b6 31. f4 Ng4 32. Qxf6+ Kxf6 33. Re1 Nh6 34. Rge3 Bf7 35. Re7 c5 36. Rxa7 Nf5 37. Bd5 Bxd5 38. cxd5 Nd4 39. Kf2 g5 40. fxg5+ Kxg5 41. Rxh7 Rf8+ 42. Kg2 b5 43. Re3 Nf5 44. Re4 b4 45. h4+ Kg6 46. Rd7 Rh8 47. Kh3 Nd4 48. Rxd6+ Kf5 49. Rg4 Ke5 50. Rd7 Rf8 51. d6 Ke6 52. Rdg7 Kxd6 53. h5 Rf3+ 54. Rg3 Rf1 55. Kg2 Ra1 56. h6 Rxa2+ 57. Kh3 Ra1 58. h7 Rh1+ 59. Kg2 Rh5 60. R3g6+ Ne6 61. Rg5 Nxg5 62. h8=Q Rxh8 63. Rxg5 Rf8 64. Rh5 Rf6 65. Rg5 Kc6 66. Rg8 Rd6 67. Rg3 Rd2+ 68. Kf1 Kd5 69. Ke1 Rh2 70. Kd1 Kd4 71. Kc1 Rf2 72. Kb1 Rd2 73. Rg5 Re2 74. Rg4+ Kc3 75. Rg3+ Kd4 76. Rg4+ Kd3 77. Rc4 Re5 78. Kc1 Rd5 79. Kd1 Ke3+ 80. Kc2 Rd2+ 81. Kc1 Rd5 82. Kb2 Kd3 83. Kc1 Rh5 84. Kb2 Rh2+ 85. Kb1 Rh1+ 86. Kb2 Rh2+ 87. Kb1 Rh5 88. Kb2 Rd5 89. Kb1 Rd4 90. Rxc5 Rd8 91. Kb2 Rb8 92. Rc4 Rb7 93. Kc1 Rb8 94. Kb2 Rb7 95. Rh4 Rb8 96. Rh2 Rc8 97. Rh3+ Kd2 98. Rh4 Rc2+ 99. Kb1 Rc1+ 100. Kb2 Rc2+ 101. Kb1 Rc1+ 102. Kb2 Rc2+ 1/2-1/2


[Site "https://www.chess.com"]

[Event "Titled Tuesday Blitz April 05 Late 2022"]
[White "Harish, Neeraj"]
[Black "Arias, Juan Cruz"]
[WhiteFideId "30958130"]
[BlackFideId "118540"]
[WhiteElo "1574"]
[BlackElo "2091"]
[Result "0-1"]
[Round "01"]
[TimeControl "180+1"]
[Date "2022.04.06"]
[WhiteClock "0:00:10"]
[BlackClock "0:01:50"]

1. e4 c6 2. d4 d5 3. Nc3 dxe4 4. Nxe4 Bf5 5. Ng3 Bg6 6. h4 h6 7. Nf3 Nd7 8. h5 Bh7 9. Bd3 Bxd3 10. Qxd3 Ngf6 11. Bd2 e6 12. O-O-O Be7 13. Ne4 Nxe4 14. Qxe4 Nf6 15. Qe2 Qd5 16. Ne5 Qxa2 17. c3 a5 18. Qc4 Qxc4 19. Nxc4 O-O 20. Bf4 b5 21. Ne5 Rfc8 22. f3 Ra7 23. g4 Nd7 24. Kb1 Nxe5 25. Bxe5 a4 26. Rhe1 Rd7 27. Ka2 Bd6 28. Bxd6 Rxd6 29. Re5 f6 30. Rc5 Kf7 31. Re1 Rd5 32. Rxd5 cxd5 33. Ka3 Rc4 34. Re3 Ke7 35. f4 Kd6 36. Re2 b4+ 37. cxb4 Rxd4 38. Kxa4 Rxf4 39. Ka5 d4 40. b5 d3 41. Rd2 Rd4 42. b6 Kc6 43. b4 Kb7 44. Kb5 e5 45. Kc5 Rd8 46. Ra2 d2 47. Ra7+ Kb8 48. Kc6 Rd6+ 49. Kxd6 d1=Q+ 50. Kc6 Qf3+ 51. Kb5 Qd5+ 52. Ka6 e4 53. Rxg7 e3 54. Re7 Qd3+ 55. Ka5 e2 56. Re8+ Kb7 57. Re7+ Kc6 58. Re6+ Kd5 59. b7 Kxe6 60. b8=Q Qd5+ 61. Ka6 Qd6+ 0-1


[Site "https://www.chess.com"]

[Event "Titled Tuesday Blitz April 05 Late 2022"]
[White "Horcajuelo Rocamora, Martin"]
[Black "Diaz Perez, Michel Alejandro"]
[WhiteFideId "24573027"]
[BlackFideId "3517179"]
[WhiteElo "1822"]
[BlackElo "2313"]
[Result "0-1"]
[Round "01"]
[TimeControl "180+1"]
[Date "2022.04.06"]
[WhiteClock "0:00:04"]
[BlackClock "0:00:10"]

1. e4 c5 2. Nf3 d6 3. d4 cxd4 4. Nxd4 Nf6 5. Nc3 a6 6. Bg5 e6 7. f4 h6 8. Bh4 Qb6 9. Qd2 Qxb2 10. Rb1 Qa3 11. e5 dxe5 12. fxe5 Nfd7 13. Be2 Bb4 14. Rb3 Qa5 15. O-O O-O 16. Nf3 Nc6 17. a3 Bxc3 18. Rxc3 Ndxe5 19. Nxe5 Nxe5 20. Qe3 Ng6 21. Bg3 Bd7 22. Bc7 Qg5 23. Qf2 Bc6 24. Rg3 Qe7 25. Bb6 Rfe8 26. Bd3 Ne5 27. Bd4 f6 28. Qxf6 Qxf6 29. Rxf6 Nxd3 30. cxd3 Rad8 31. Be5 Rxd3 32. Rxg7+ Kxg7 33. Rf3+ Kg6 34. Rxd3 Kf5 35. Re3 Rd8 36. g3 Rd2 37. Bf4 Rg2+ 38. Kf1 Rxh2 39. Re5+ Kf6 40. Re3 h5 41. Ke1 Ra2 42. Bd6 Bd5 43. Kd1 b5 44. Kc1 Rg2 45. Be5+ Kf5 46. Bd6 a5 47. Bc7 a4 48. Bd6 Kg4 49. Rd3 Re2 50. Rd4+ Kg5 51. Bf4+ Kf5 52. Rd3 e5 53. Bh6 Bc4 54. Rf3+ Kg4 55. Rc3 e4 56. Bf4 Rg2 57. Kd1 h4 58. Be5 h3 0-1


[Site "https://www.chess.com"]

[Event "Titled Tuesday Blitz April 05 Late 2022"]
[White "Ilyasli, Ughur"]
[Black "Quintiliano Pinto, Renato R."]
[WhiteFideId "13416197"]
[BlackFideId "2117568"]
[WhiteElo "2045"]
[BlackElo "2439"]
[Result "0-1"]
[Round "01"]
[TimeControl "180+1"]
[Date "2022.04.06"]
[WhiteClock "0:00:08"]
[BlackClock "0:01:33"]

1. d4 Nf6 2. c4 e6 3. Nc3 Bb4 4. Qb3 c5 5. dxc5 Nc6 6. Bg5 h6 7. Bxf6 Qxf6 8. Nf3 a5 9. a3 a4 10. Qc2 Bxc3+ 11. Qxc3 Ra5 12. Qxf6 gxf6 13. Nd2 Ke7 14. b4 axb3 15. Nxb3 Ra4 16. e3 Rg8 17. g3 Na5 18. Nxa5 Rxa5 19. Kd2 Rg5 20. Bd3 Rgxc5 21. Rhb1 d6 22. Rb4 Kd7 23. Be4 Kc7 24. Rab1 Ra7 25. a4 f5 26. Bf3 Rca5 27. h4 Rxa4 28. Rxa4 Rxa4 29. Kc3 Ra2 30. Rb2 Rxb2 31. Kxb2 Kb6 32. Bh5 f6 33. Kc3 Kc5 34. Be8 b6 35. Bb5 d5 36. Be8 dxc4 37. h5 b5 38. Kd2 b4 39. Kc2 Bb7 40. Bd7 Be4+ 41. Kc1 Bd5 42. f3 c3 43. e4 fxe4 44. fxe4 Bxe4 45. Bxe6 Bd5 46. Bf5 b3 47. g4 Kd4 48. Kb1 Be4+ 49. Ka1 b2+ 50. Ka2 b1=Q+ 51. Ka3 Bxf5 52. g5 Be6 53. Ka4 Bc4 54. gxf6 Qb5+ 55. Ka3 Qb3# 0-1


[Site "https://www.chess.com"]

[Event "Titled Tuesday Blitz April 05 Late 2022"]
[White "Jacobson, Brandon"]
[Black "Villegas, Pierre"]
[WhiteFideId "30901561"]
[BlackFideId "654183"]
[WhiteElo "2362"]
[BlackElo "2386"]
[Result "1-0"]
[Round "01"]
[TimeControl "180+1"]
[Date "2022.04.05"]
[WhiteClock "0:00:37"]
[BlackClock "0:00:02"]

1. c4 e6 2. Nc3 d5 3. d4 a6 4. cxd5 exd5 5. Nf3 Nf6 6. Bg5 Be6 7. Bxf6 Qxf6 8. Qb3 Ra7 9. g3 Nd7 10. h4 c6 11. Bh3 Bxh3 12. Rxh3 Bd6 13. O-O-O O-O 14. Qc2 Re8 15. Ng5 Nf8 16. e4 dxe4 17. Ncxe4 Qd8 18. Qb3 b5 19. Rhh1 a5 20. Rhe1 a4 21. Qc2 a3 22. b3 Bb4 23. Re3 f6 24. Nf3 Rae7 25. Kb1 Qd5 26. Nc3 Bxc3 27. Rxc3 Re2 28. Rd2 Rxd2 29. Qxd2 Qf5+ 30. Qd3 Qh3 31. Rxc6 Qg2 32. Rc2 Ne6 33. Re2 Qf1+ 34. Ne1 Kf7 35. Qxb5 Rd8 36. Qb7+ Kg8 37. Rxe6 Qxf2 38. Nc2 Qd2 39. Re1 Qc3 40. Kc1 Rc8 41. Qd5+ Kh8 42. Qc4 Qb2+ 43. Kd2 1-0


[Site "https://www.chess.com"]

[Event "Titled Tuesday Blitz April 05 Late 2022"]
[White "Janturin, Artur"]
[Black "Bashirli, Nail"]
[WhiteFideId "4130022"]
[BlackFideId "13406809"]
[WhiteElo "2340"]
[BlackElo "2333"]
[Result "0-1"]
[Round "01"]
[TimeControl "180+1"]
[Date "2022.04.06"]
[WhiteClock "0:00:17"]
[BlackClock "0:01:45"]

1. b3 d5 2. Bb2 c5 3. e3 a6 4. f4 Nc6 5. Nf3 Bg4 6. Be2 e6 7. O-O f6 8. Qe1 Nh6 9. h3 Bxf3 10. Bxf3 Bd6 11. d3 O-O 12. Nd2 d4 13. Bxc6 bxc6 14. exd4 cxd4 15. Qxe6+ Kh8 16. Nc4 Bb4 17. Qxc6 Nf5 18. a3 Bc3 19. Qc5 Bxb2 20. Nxb2 Ne3 21. Rf2 Rc8 22. Qa7 Nxc2 23. Rd1 Ne3 24. Re1 Qa5 25. Rfe2 Qxa3 26. Qxd4 Nc2 27. Rxc2 Rxc2 28. Nc4 Qa2 29. Qd6 Rxg2+ 0-1


[Site "https://www.chess.com"]

[Event "Titled Tuesday Blitz April 05 Late 2022"]
[White "Jaracz, Pawel"]
[Black "Danaci, Ege"]
[WhiteFideId "1102222"]
[BlackFideId "34506748"]
[WhiteElo "2429"]
[BlackElo "1799"]
[Result "0-1"]
[Round "01"]
[TimeControl "180+1"]
[Date "2022.04.06"]
[WhiteClock "0:00:01"]
[BlackClock "0:00:05"]

1. c4 e5 2. Nc3 Nc6 3. g3 h5 4. Nf3 h4 5. Nxh4 Rxh4 6. gxh4 Qxh4 7. e3 Nf6 8. a3 d6 9. Qf3 Bg4 10. Qg3 Qh5 11. Rg1 O-O-O 12. Nd5 Be6 13. Be2 Qh7 14. Nxf6 gxf6 15. d3 d5 16. cxd5 Bxd5 17. Bd2 Bd6 18. Bc3 e4 19. Qg4+ f5 20. Qg5 Qxh2 21. O-O-O Qxf2 22. Rg2 Be7 23. Rxf2 Bxg5 24. Rxf5 Bxe3+ 25. Kc2 Be6 26. Rff1 Rg8 27. dxe4 Rg2 28. Kd3 Bb6 29. Bf3 Rg3 30. Be1 Ne5+ 31. Kc2 Rxf3 32. Rxf3 Nxf3 33. Bc3 c6 34. Rh1 Nd4+ 35. Kd3 Nb3 36. Be5 Nc5+ 37. Ke3 Nd7+ 38. Bd4 c5 39. Bc3 c4+ 40. Bd4 Nc5 41. Rh8+ Kd7 42. Rh5 Kc6 43. Rh8 Na4 44. Bxb6 Kxb6 45. Rh2 Kc5 46. Rh5+ Kb6 47. Rh2 a6 48. Kd4 Kc6 49. Rf2 Nc5 50. Rh2 Nb3+ 51. Kc3 b5 52. Rh8 Nc5 53. Ra8 Nxe4+ 54. Kd4 Nc5 55. Rb8 Na4 56. Ra8 Nxb2 57. Rxa6+ Kb7 58. Rd6 Na4 59. Rd8 c3 60. Kd3 Bc4+ 61. Ke3 c2 62. Kd2 Bb3 63. Rd7+ Kc6 64. Rd8 Nc5 65. Rc8+ Kd5 66. Rd8+ Kc4 67. Rh8 b4 68. Rh4+ Kd5 69. Rxb4 Ba4 70. Rb8 f5 71. Rd8+ Ke5 72. Rc8 Ne6 73. Rc3 f4 74. Rc4 Bb5 75. Rxc2 Bd7 76. Kc3 Nd4 77. Rd2 Nf5 78. Kb4 Ne3 79. a4 f3 80. a5 Nd5+ 81. Kc5 Be6 82. a6 Nc7 83. a7 Na8 84. Rd8 f2 85. Rf8 Bf5 86. Re8+ Kf4 87. Rxa8 f1=Q 88. Kb6 Qf2+ 0-1


[Site "https://www.chess.com"]

[Event "Titled Tuesday Blitz April 05 Late 2022"]
[White "Jarocka, Liwia"]
[Black "Dardha, Daniel"]
[WhiteFideId "21807558"]
[BlackFideId "240990"]
[WhiteElo "1896"]
[BlackElo "2482"]
[Result "0-1"]
[Round "01"]
[TimeControl "180+1"]
[Date "2022.04.06"]
[WhiteClock "0:00:10"]
[BlackClock "0:00:06"]

1. d4 f5 2. c4 Nf6 3. Nc3 d6 4. g3 g6 5. Bg2 Bg7 6. Nf3 O-O 7. O-O c6 8. b3 Qc7 9. Bb2 e5 10. e3 e4 11. Nd2 Be6 12. Rc1 Kh8 13. d5 Bg8 14. dxc6 bxc6 15. c5 dxc5 16. Na4 Nbd7 17. Qe2 Rad8 18. Rfd1 Ne5 19. Bxe5 Qxe5 20. Rxc5 Qe7 21. Rxc6 Ng4 22. Nc4 Rxd1+ 23. Qxd1 Rd8 24. Rd6 Rc8 25. Nab2 Rc7 26. h3 Ne5 27. Rd2 h5 28. Nxe5 Qxe5 29. Nc4 Qe7 30. Rd8 Kh7 31. Qd6 Qxd6 32. Nxd6 h4 33. Nc4 Bxc4 34. bxc4 hxg3 35. fxg3 Rxc4 36. Rd7 Ra4 37. Rd2 Ra3 38. Re2 Bf8 39. Kf2 Bc5 40. Bf1 g5 41. h4 gxh4 42. gxh4 f4 43. Bh3 Bxe3+ 44. Kg2 f3+ 0-1


[Site "https://www.chess.com"]

[Event "Titled Tuesday Blitz April 05 Late 2022"]
[White "Javakhadze, Zurab"]
[Black "Romero Ruscalleda, Josep"]
[WhiteFideId "13603647"]
[BlackFideId "2231859"]
[WhiteElo "2381"]
[BlackElo "2291"]
[Result "1-0"]
[Round "01"]
[TimeControl "180+1"]
[Date "2022.04.06"]
[WhiteClock "0:00:26"]
[BlackClock "0:00:07"]

1. d4 g6 2. c4 Bg7 3. Nf3 d6 4. Nc3 Nf6 5. e4 O-O 6. Be2 Nc6 7. O-O Bg4 8. d5 Nb8 9. Be3 c5 10. h3 Bd7 11. e5 dxe5 12. Nxe5 Qc8 13. Rc1 Ne8 14. Nd3 b6 15. a3 Nd6 16. Nb1 a5 17. b4 axb4 18. axb4 Na6 19. bxc5 Nxc5 20. Nxc5 bxc5 21. Nc3 Nf5 22. Bg5 h6 23. Bf4 Nd4 24. Bd3 Bf5 25. Re1 Re8 26. Ne4 Ra2 27. Rb1 Bxe4 28. Rxe4 Qa6 29. Qe1 Nf5 30. Bf1 Bd4 31. Re2 g5 32. Be5 Qxc4 33. Rxa2 Qxa2 34. Bd3 Bxe5 35. Qxe5 Qd2 36. Qxf5 e6 37. Qh7+ Kf8 38. d6 1-0


[Site "https://www.chess.com"]

[Event "Titled Tuesday Blitz April 05 Late 2022"]
[White "Jobava, Baadur"]
[Black "Kozin, Yuri"]
[WhiteFideId "13601520"]
[BlackFideId "4129920"]
[WhiteElo "2617"]
[BlackElo "2522"]
[Result "1-0"]
[Round "01"]
[TimeControl "180+1"]
[Date "2022.04.05"]
[WhiteClock "0:02:34"]
[BlackClock "0:02:22"]

1. b3 Nf6 2. Bb2 e6 3. g3 b6 4. Bg2 d5 5. Nf3 Bb7 6. O-O Nbd7 7. d3 Be7 8. Nbd2 O-O 9. Re1 c5 10. e4 a5 11. a4 Bc6 12. Qe2 b5 13. axb5 Bxb5 14. exd5 Nxd5 15. c4 Nb4 16. cxb5 Nc2 17. Nc4 Nxe1 18. Qxe1 Bf6 19. Nfe5 1-0


[Site "https://www.chess.com"]